 Dungeon Crawl Stone Soup version 0.31-a0-986-g5e6e4ef867 (webtiles) character file.

Game seed: 2562843195030700295

8435 gelatine the Covered (level 11, -1/82 HPs)
             Began as a Demonspawn Fighter on Nov 23, 2023.
             Slain by an orc warlord
             ... wielding a +1 dire flail of holy wrath
              (29 damage)
             ... on level 1 of the Orcish Mines.
             The game lasted 00:24:53 (8624 turns).

gelatine the Covered (Demonspawn Fighter)           Turns: 8624, Time: 00:24:53

Health: -1/82      AC: 16    Str: 20    XL:     11   Next: 9%
Magic:  24/24      EV: 14    Int: 10    God:
Gold:   543        SH: 10    Dex: 13    Spells: 16/16 levels left

rFire   + . .        a - +0 war axe
rCold   + . .        c - +1 buckler
rNeg    . . .        N - +2 robe {rC+ rF+}
rPois   .            H - +0 helmet
rElec   .            f - +0 cloak
rCorr   .            l - +2 pair of gloves
SInv    .            o - +1 pair of boots
Will    .....        (no amulet)
Stlth   +            s - +4 ring of protection
HPRegen 0.33/turn    u - ring of magical power
MPRegen 0.19/turn

%: no passive effects
@: no status effects
A: large bone plates 1, demonic guardian 1, spiny 1, demonic touch 2
a: no special abilities


You were on level 1 of the Orcish Mines.
You visited 3 branches of the dungeon, and saw 11 of its levels.

You collected 543 gold pieces.

Inventory:

Hand Weapons
 a - a +0 war axe (weapon)
 h - a +3 flail of draining
 E - the +2 hammer of Prudence {heavy, Fly Will++}
   (You found it on level 7 of the Dungeon)

   Will++:    It greatly increases your willpower.
   Fly:       It grants you flight.
Missiles
 e - 13 boomerangs (quivered)
 k - 26 poisoned darts
 v - 2 atropa-tipped darts
 y - 4 darts of dispersal
Armour
 b - a +0 scale mail
 c - a +1 buckler (worn)
 f - a +0 cloak (worn)
 l - a +2 pair of gloves (worn)
 o - a +1 pair of boots (worn)
 H - a +0 helmet (worn)
 N - a +2 robe of resistance (worn)
Jewellery
 s - a +4 ring of protection (left hand)
 u - a ring of magical power (right hand)
Wands
 m - a wand of flame (4)
 w - a wand of paralysis (15)
Scrolls
 i - 3 scrolls of teleportation
 j - 4 scrolls of vulnerability
 q - a scroll of blinking
 r - 3 scrolls of brand weapon {unknown}
 t - 3 scrolls of revelation
 C - 2 scrolls of fear {unknown}
 F - 2 scrolls of enchant armour
 G - a scroll of enchant weapon {unknown}
 I - a scroll of identify
 J - a scroll of fog
 L - a scroll of butterflies {unknown}
 M - a scroll of noise {unknown}
Potions
 d - a potion of might
 g - 3 potions of magic
 n - 2 potions of heal wounds
 p - a potion of brilliance
 x - a potion of degeneration {unknown}
 z - 2 potions of mutation {unknown}
 A - a potion of enlightenment {unknown}
 B - a potion of ambrosia {unknown}
 D - 3 potions of curing
 K - a potion of berserk rage {unknown}


   Skills:
 * Level 6.3 Fighting
 * Level 6.0(7.3) Axes
 + Level 6.2(7.4) Maces & Flails
 + Level 3.8 Throwing
 * Level 6.8 Armour
 * Level 5.9 Dodging
 + Level 0.7 Stealth
 * Level 6.0 Shields
 * Level 3.3 Spellcasting
 * Level 3.8 Evocations


You had 16 spell levels left.
You didn't know any spells.
Your spell library contained the following spells:

 Spells                   Type           Power      Damage    Failure   Level
 Magic Dart               Conj           4%         1d3       32%         1
 Slow                     Hex            4%         N/A       32%         1
 Call Imp                 Summ           2%         N/A       45%         2
 Ensorcelled Hibernation  Hex/Ice        2%         N/A       45%         2
 Jinxbite                 Hex            2%         N/A       45%         2
 Passwall                 Tmut/Erth      0%         N/A       45%         2
 Confusing Touch          Hex            1%         N/A       69%         3
 Inner Flame              Hex/Fire       1%         N/A       69%         3
 Mephitic Cloud           Conj/Pois/Air  1%         N/A       69%         3
 Ozocubu's Armour         Ice            1%         N/A       69%         3
 Sigil of Binding         Hex            1%         N/A       69%         3
 Swiftness                Air            1%         N/A       69%         3
 Vampiric Draining        Necr           1%         2d6       69%         3
 Anguish                  Hex/Necr       0%         N/A       97%         4
 Yara's Violent Unravell  Hex/Tmut       0%         3d3       100%        5
 Enfeeble                 Hex            0%         N/A       100%        7
 Ozocubu's Refrigeration  Ice            0%         4d7       100%        7


Dungeon Overview and Level Annotations

Branches:
Dungeon (9/15)             Temple (1/1) D:5             Orc (1/2) D:9
   Lair: D:8-11

Altars:
Ashenzari
Cheibriados
Dithmenos
Fedhas
Gozag
Hepliaklqana
Kikubaaqudgha
Makhleb
Nemelex Xobeh
Okawaru
Qazlal
Ru
Sif Muna
Trog
Uskayaw
Vehumet
Wu Jian
Xom
Yredelemnul

Annotations:
D:6 2 transporters


Innate Abilities, Weirdness & Mutations

You are partially covered in large bone plates. (SH +4)
A weak demonic guardian rushes to your aid.
You are partially covered in sharp spines.
Your touch may inflict irresistible damage on your foes.


Message History

The orc warlord shoots a bolt.
You block the bolt.
The orc warlord roars a battlecry!
The orc warrior goes into a battle-frenzy!
There is a staircase back to the Dungeon, spattered with blood here.
Aiming: Throw Flame
Press: ? - help, Q - select action, (/) - cycle Shift-Dir - straight line, f - orc warlord
Aim: an orc warlord, wielding a +0 arbalest and wearing a +0 plate armour (83% to hit)
The puff of flame hits the orc warlord but does no damage.
Unknown command.
You throw a boomerang.
The boomerang barely misses the orc warrior.
You block the orc warrior's attack.
The orc warlord shoots a bolt.
The bolt hits you.
Unknown command.
The orc warrior closely misses you.
You hit the orc warrior but do no damage.
You barely miss the orc warlord. You block the orc warrior's attack.
The orc warlord unwields a +0 arbalest.
The orc warlord wields a +1 dire flail of holy wrath.
It softly glows with a divine radiance!
The orc warlord hits you with a +1 dire flail of holy wrath.
You convulse.
You hit the orc warrior.
The orc warrior is lightly wounded.
You hit the orc warlord. You block the orc warrior's attack.
You block the orc warlord's attack.
Unknown command.
You slash the orc warrior!
The orc warrior is heavily wounded.
You hit the orc warlord but do no damage.
You block the orc warrior's attack. The orc warlord closely misses you.
Unknown command.
You hit the orc warrior.
The orc warrior is severely wounded.
You barely miss the orc warlord.
The orc warrior hits you with a +1 glaive of pain!
You writhe in agony.
The orc warlord hits you with a +1 dire flail of holy wrath!!
A demonic guardian appears!
You convulse!!
You die...

####. #..#.
#....# ..>..
#...####
#...#.#
##oo.##
#4$@)[#
.......#<#..#
......#### #
#....# #....
##.# ..# ..


You could see an orc warlord, an orc warrior (strong, ally target) and a
friendly rust devil (summoned).

Vanquished Creatures
  2 two-headed ogres
  A centaur warrior (D:8)
  2 orc sorcerers (D:9)
  A cyclops (D:9)
  2 kobold demonologists
  Grinder (D:6)
  A hornet (D:6)
  Sigmund (D:2)
  A shadow (D:9)
  A wyvern (D:9)
  6 yaks (D:9)
  A warg (D:9)
  An acid dragon (D:9)
  A water moccasin (D:8)
  4 orc warriors
  A sky beast (D:7)
  2 centaurs
  2 ogres
  A phantom (D:3)
  5 kobold brigands
  3 bullfrogs
  5 scorpions
  8 killer bees
  A howler monkey (D:9)
  Crazy Yiuf (D:7)
  4 hounds
  2 orc priests
  5 jellies
  3 sleepcaps
  Jessica (D:2)
  3 iguanas
  3 orc wizards (D:9)
  4 gnolls
  5 adders
  A shadow imp (D:5)
  2 white imps
  2 ufetubi (D:6)
  A worm (D:2)
  5 dart slugs
  18 orcs
  7 ball pythons
  8 endoplasms
  3 giant cockroaches (D:4)
  11 goblins
  10 hobgoblins
  5 jackals
  22 kobolds
  5 quokkas
  5 bats
  5 frilled lizards
  2 rats (D:1)
197 creatures vanquished.

Notes
Turn   | Place    | Note
-------+----------+-------------------------------------------
     0 | D:1      | gelatine the Demonspawn Fighter began the quest for the
                  | Orb.
     0 | D:1      | Reached XP level 1. HP: 18/18 MP: 1/1
   109 | D:1      | Gained mutation: You are partially covered in sharp spines.
                  | [demonic ancestry]
   109 | D:1      | Reached XP level 2. HP: 23/24 MP: 2/2
   398 | D:1      | Gained mutation: Your touch may inflict minor irresistible
                  | damage on your foes. [demonic ancestry]
   398 | D:1      | Reached XP level 3. HP: 27/29 MP: 3/3
   670 | D:2      | Found a radiant altar of Vehumet.
   731 | D:2      | Reached skill level 1 in Dodging
   791 | D:2      | Reached XP level 4. HP: 32/35 MP: 4/4
   813 | D:2      | Noticed Sigmund
   824 | D:2      | Killed Sigmund
   825 | D:2      | Reached skill level 1 in Throwing
   825 | D:2      | Gained mutation: A weak demonic guardian rushes to your
                  | aid. [demonic ancestry]
   825 | D:2      | Reached XP level 5. HP: 27/42 MP: 5/5
  1079 | D:2      | Noticed Jessica
  1082 | D:2      | Killed Jessica
  1215 | D:3      | Reached XP level 6. HP: 48/48 MP: 6/6
  2335 | D:4      | Reached XP level 7. HP: 48/54 MP: 7/7
  2932 | D:5      | Entered Level 5 of the Dungeon
  3040 | D:5      | Found a staircase to the Ecumenical Temple.
  3058 | Temple   | Entered the Ecumenical Temple
  3228 | D:5      | Reached skill level 1 in Maces & Flails
  3348 | D:5      | Reached XP level 8. HP: 61/61 MP: 8/8
  3638 | D:6      | Found a hide-covered altar of Uskayaw.
  3638 | D:6      | Noticed Grinder
  3644 | D:6      | Paralysed by Grinder for 3 turns
  3658 | D:6      | Killed Grinder
  3775 | D:6      | Found a transporter.
  3882 | D:6      | Found a transporter.
  4331 | D:6      | Noticed a hornet
  4333 | D:6      | Paralysed by a hornet for 1 turns
  4558 | D:6      | Killed a hornet
  4563 | D:6      | Reached XP level 9. HP: 67/67 MP: 9/9
  4690 | D:6      | Found a broken altar of Ashenzari.
  5405 | D:7      | Reached skill level 5 in Armour
  5425 | D:7      | Reached skill level 1 in Evocations
  5538 | D:7      | Reached skill level 5 in Fighting
  5833 | D:7      | Found a runed translucent door.
  5834 | D:7      | Noticed Crazy Yiuf
  5840 | D:7      | Killed Crazy Yiuf
  5844 | D:7      | Identified the +2 hammer of Prudence {heavy, Fly Will++}
  5974 | D:8      | Found a shimmering altar of Xom.
  6235 | D:8      | Noticed a two-headed ogre
  6240 | D:8      | Killed a two-headed ogre
  6241 | D:8      | Reached skill level 5 in Axes
  6241 | D:8      | Reached skill level 5 in Maces & Flails
  6241 | D:8      | Reached skill level 5 in Dodging
  6241 | D:8      | Reached skill level 1 in Spellcasting
  6361 | D:8      | Noticed a centaur warrior
  6370 | D:8      | Killed a centaur warrior
  6665 | D:8      | Gained mutation: You are partially covered in large bone
                  | plates. (SH +4) [demonic ancestry]
  6665 | D:8      | Reached XP level 10. HP: 74/74 MP: 12/12
  6754 | D:8      | Found a snail-covered altar of Cheibriados.
  6754 | D:8      | Found a burning altar of Makhleb.
  6762 | D:8      | Found a sparkling altar of Nemelex Xobeh.
  6764 | D:8      | Found a stormy altar of Qazlal.
  6765 | D:8      | Found a faded altar of an unknown god.
  6962 | D:9      | Reached skill level 5 in Shields
  7108 | D:9      | Noticed a two-headed ogre
  7116 | D:9      | Killed a two-headed ogre
  7309 | D:9      | Found a blossoming altar of Fedhas.
  7367 | D:9      | Found a staircase to the Orcish Mines.
  7416 | D:9      | Noticed a rust devil
  7422 | D:9      | Noticed a rust devil
  7425 | D:9      | Noticed a smoke demon
  8025 | D:9      | Noticed a smoke demon
  8028 | D:9      | Noticed an orange demon
  8140 | Orc:1    | Entered Level 1 of the Orcish Mines
  8140 | Orc:1    | Noticed an orc sorcerer
  8142 | Orc:1    | Noticed a cyclops
  8142 | Orc:1    | Noticed an orc sorcerer
  8145 | Orc:1    | Noticed a smoke demon
  8146 | Orc:1    | Noticed a smoke demon
  8151 | D:9      | Killed a cyclops
  8229 | Orc:1    | Noticed an orc warlord
  8236 | D:9      | Killed an orc sorcerer
  8237 | D:9      | Gained mutation: Your touch may inflict irresistible damage
                  | on your foes. [demonic ancestry]
  8237 | D:9      | Reached XP level 11. HP: 33/81 MP: 15/15
  8608 | D:9      | Killed an orc sorcerer
  8624 | Orc:1    | Slain by an orc warlord

Illustrated notes

Levels and vault maps discovered:
D:1:      roderic_octagonal_star, layout_basic
D:2:      layout_loops_ring, basic_altar, uniq_jessica, uniq_sigmund
D:3:      layout_rooms, amcnicky_mini_pool_small, nrook_campfire,
          nicolae_elevator_lobby_plus
D:4:      layout_basic, grunt_ministairs_9
D:5:      layout_cave_pools, minmay_temple_entry_proselytizer,
          kennysheep_generic_room_14
D:6:      gammafunk_cloud_chamber, layout_loops_ring,
          nicolae_ashenzari_skybound, nicolae_overflow_hidden_temple,
          serial_rivers, chequers_serial_rivers_micro_c,
          chequers_serial_rivers_micro_b, chequers_serial_rivers_small_b,
          chequers_serial_rivers_micro_d, hellmonk_no_cap, uniq_grinder
D:7:      layout_basic, uniq_crazy_yiuf_cottage
D:8:      layout_loops_ring, xom_butterflies,
          chequers_temple_overflow_minitemple, minmay_misc_feat_alley,
          minmay_small_thing
D:9:      layout_roguey, fedhas_ov_isle_minmay, david_orc_3
Temple:   nicolae_temple_superstar
Orc:1:    layout_diamond_mine, basic_altar

Skill      XL: |  1  2  3  4  5  6  7  8  9 10 11 |
---------------+----------------------------------+-----
Armour         | 3 4 5 6 |  6.8
Axes           | 2 3 4 5 6 |  6.0
Dodging        | 1 2 3 4 5 |  5.9
Shields        | 3 4 5 6 |  6.0
Throwing       | 1 2 3 |  3.8
Fighting       | 4 5 6 |  6.3
Maces & Flails | 1 4 5 6 |  6.2
Evocations     | 2 3 |  3.8
Spellcasting   | 1 3 |  3.3
Stealth        | |  0.7

Action                     |  1- 3 |  4- 6 |  7- 9 | 10-12 || total
---------------------------+-------+-------+-------+-------++-------
  Melee: War axe           |    67 |    71 |       |    19 ||   157
         Flail             |       |       |   195 |   158 ||   353
  Throw: Boomerang         |    11 |     9 |    41 |    13 ||    74
         Dart              |       |       |     3 |       ||     3
  Evoke: Wand              |       |       |       |     5 ||     5
    Use: Scroll            |       |     9 |     3 |     2 ||    14
         Potion            |       |       |     1 |     1 ||     2
   Stab: Paralysed         |       |       |       |     4 ||     4
 Armour: Scale mail        |    56 |    44 |   145 |   131 ||   376
         Robe              |       |       |       |    15 ||    15
  Dodge: Dodged            |    24 |    29 |    96 |    90 ||   239
  Block: Buckler           |    14 |    19 |    64 |   117 ||   214

Table legend: (Time is in decaauts)
 A = Elapsed time spent in this place.
 B = Non-inter-level travel time spent in this place.
 C = Inter-level travel time spent in this place.
 D = Time resting spent in this place.
 E = Time spent auto-exploring this place.
 F = Levels seen in this place.
 G = Mean time per level.
                   A        B        C        D        E       F      G
               +--------+--------+--------+--------+--------+-----+--------+
         Total |   8759 |   8413 |    346 |      0 |   6686 |  11 |  796.3 |
       Dungeon |   8570 |   8224 |    346 |      0 |   6530 |   9 |  952.2 |
        Temple |    157 |    157 |      0 |      0 |    156 |   1 |  157.0 |
  Orcish Mines |     30 |     30 |      0 |      0 |      0 |   1 |   30.0 |
               +--------+--------+--------+--------+--------+-----+--------+

Top non-repeatable levels by time:
     D:6: 1575 daAuts
     D:8: 1371 daAuts
     D:9: 1332 daAuts
     D:4: 1088 daAuts
     D:7: 752 daAuts
     D:3: 659 daAuts
     D:2: 633 daAuts
     D:1: 615 daAuts
     D:5: 541 daAuts
  Temple: 157 daAuts
   Orc:1: 30 daAuts
